[Event "Early-Titled-Tuesday-Blitz-January-16-2024"]
[Site "Chess.com"]
[Date "2024.01.16"]
[Round "5"]
[White "Journey_to_GrandMaster_YT"]
[Black "Aygehovit1992"]
[Result "0-1"]
[WhiteElo "2511"]
[BlackElo "2719"]
[TimeControl "180+1"]
[EndTime "8:59:21 PST"]
[Termination "Aygehovit1992 won by resignation"]

1. d4 Nf6 2. Nf3 g6 3. g3 Bg7 4. Bg2 O-O 5. O-O d6 6. b3 a5 7.
Bb2 a4 8. c4 Nc6 9. Nbd2 a3 10.
Bc3 Bf5 11. Nh4 Bd7 12. e4 e5 13. d5 Nd4 14. Nhf3 Nh5 15. Rc1 f5 16. exf5 Bxf5 17. Nxd4 exd4 18. Ba1 Qd7 19. Ne4 Rae8 20. Ng5 d3 21. Ne6 Bxe6 22. dxe6 Qe7 23. Bxb7 Bxa1 24. Rxa1 Ng7 25. Bd5 Nxe6 26. Qxd3 Qf6 27. Rae1 Kg7 28. Bxe6 Rxe6 29. Rxe6 Qxe6 30. Qd4+ Qf6 31. Rd1 Re8 32. Qxf6+ Kxf6 33. Kf1 Re4 34. Rd5 Re5 35. Rxe5 Kxe5 36.
Ke2 Kd4 37. Kd2 Ke4 38. Ke2 Kd4 39. Kd2 Ke4 40. f4 Kf3 41. b4 h5 42. Kd3 Kg2 43. Ke3 Kxh2 44. Kf2 Kh3 45. Kf3 Kh2 46. b5 Kh3 47. Kf2 Kg4 48. Kg2 h4 49. gxh4 Kxf4 50.
Kh3 Kf3 51. h5 gxh5 52. Kh4 Ke4 53. Kxh5 Kd4 54. Kg5 Kxc4 55. Kf4 Kxb5 56. Ke4 Kc4 57. Ke3 d5 58. Ke2 d4 59. Kd2 d3 60. Kd1 Kc3 61.
Kc1 d2+ 62. Kd1 c5 63. Ke2 Kc2 0-1

[Event "Early-Titled-Tuesday-Blitz-January-16-2024"]
[Site "Chess.com"]
[Date "2024.01.16"]
[Round "5"]
[White "SmirnovAlexandrA"]
[Black "MyDream003"]
[Result "0-1"]
[WhiteElo "2641"]
[BlackElo "2865"]
[TimeControl "180+1"]
[EndTime "8:59:22 PST"]
[Termination "MyDream003 won by resignation"]

1. e4 c5 2. Nf3 d6 3. Bc4 Nf6 4. e5 dxe5 5. Nxe5 e6 6. Qe2 Be7 7. b3 O-O 8. Bb2 a6 9. a4 Nbd7 10. f4 Nb6 11. Bd3 Nbd5 12. O-O Nb4 13. Na3 Nxd3 14.
Nxd3 b6 15. Nc4 Bb7 16. Nde5 Qc7 17. d3 b5 18. Ne3 Ne8 19. N3g4 f6 20. Nf3 Qd7 21.
Rfe1 Nc7 22. Nf2 Kh8 23. axb5 axb5 24. Rxa8 Rxa8 25. Ra1 Rxa1+ 26. Bxa1 Nd5 27. g3 Qc6 28. Ne4 Kg8 29. h4 Qa6 30. Qe1 Nc7 31. Bc3 Qa2 32. Qd1 Bc6 33. Kf2 Qa6 34. Qa1 Qb7 35.
Ned2 Nd5 36. Bb2 Nb4 37. Qb1 Qd7 38. Bc3 Nd5 39. Bb2 h6 40. Qe1 Nb4 41. Qd1 Qd5 42. Bc3 Na2 43. Bb2 Nb4 44. Bc3 Bb7 45. Bxb4 cxb4 46.
Qe2 Bc5+ 47. Kg2 f5 48. Kh3 Bd6 49. Kg2 Be7 50. Nf1 Bc5 51. Ne3 Qd4 52. Nf1 Qg1+ 53. Kh3 Qh1+ 54. N1h2 Bd5 55. Qf1 Qxf1+ 56. Nxf1 Bxf3 0-1

[Event "Early-Titled-Tuesday-Blitz-January-16-2024"]
[Site "Chess.com"]
[Date "2024.01.16"]
[Round "5"]
[White "PavelShkapenko"]
[Black "Aguiar94"]
[Result "1-0"]
[WhiteElo "2771"]
[BlackElo "2525"]
[TimeControl "180+1"]
[EndTime "8:59:23 PST"]
[Termination "PavelShkapenko won by resignation"]

1. e4 c5 2. c3 g6 3. d4 cxd4 4. cxd4 d5 5. Nc3 Nf6 6. e5 Ne4 7.
Nxe4 dxe4 8. Bb5+ Bd7 9. Bc4 Bg7 10. Ne2 O-O 11. O-O Bc6 12. Nc3 Nd7 13. e6 fxe6 14. Bxe6+ Kh8 15. d5 Nc5 16. dxc6 Nxe6 17. cxb7 Rb8 18.
Qg4 Nd4 19. Qxe4 Qd7 20. Bf4 Rxb7 21. Be5 Bxe5 22. Qxe5+ Kg8 23. Rad1 Rd8 24. b3 Rb6 25. Kh1 Re6 26. Qg3 Nf5 27. Qf3 Nd6 28. Na4 Rf6 29. Qe2 Re6 30. Qg4 Rf6 31. Qd4 Qf5 32. Qe3 Kf7 33.
Nc5 Re8 34. Nd3 Kg8 35. Ne5 Qh5 36. Nf3 Nf5 37. Qe5 Rf7 38. Qe6 Kg7 39. Rfe1 Rf6 40. Qe5 Kg8 41. Qd5+ Kg7 42. Ne5 Rd6 43. Qf7+ Kh6 44.
Qxe8 Rxd1 45. Qf8+ Kg5 46. Nf3+ Qxf3 47. h4+ Kf4 48.
gxf3 Rxe1+ 49. Kh2 Kxf3 50. Qa8+ Kxf2 51. Qxa7+ Kf3 52.
Qb7+ Kg4 53. Qg2+ Kxh4 54. Qf2+ 1-0

[Event "Early-Titled-Tuesday-Blitz-January-16-2024"]
[Site "Chess.com"]
[Date "2024.01.16"]
[Round "5"]
[White "Felix-Rose"]
[Black "Juicy_Fork"]
[Result "0-1"]
[WhiteElo "2211"]
[BlackElo "2415"]
[TimeControl "180+1"]
[EndTime "8:59:24 PST"]
[Termination "Juicy_Fork won by checkmate"]

1. e4 e5 2. Nf3 Nc6 3. Bb5 a6 4. Ba4 d6 5. c4 Bg4 6. h3 Bxf3 7.
Bxc6+ bxc6 8. Qxf3 c5 9. O-O Ne7 10. d3 Nc6 11. Be3 Be7 12. Nc3 O-O 13. Qg4 h6 14. f4 exf4 15. Bxf4 Bg5 16. Nd5 Ne5 17.
Qg3 c6 18. Nc3 Bxf4 19. Rxf4 Qg5 20. Qxg5 hxg5 21. Rf2 Rfd8 22. Rd1 Rab8 23. b3 Ng6 24. d4 cxd4 25. Rxd4 Kf8 26. Rfd2 Ke7 27. g3 Nf8 28. Na4 Ne6 29. R4d3 f6 30. Kf2 Rb4 31. Kg2 Rbb8 32. Kf2 g6 33. Kg2 f5 34. exf5 gxf5 35. Re2 Kf6 36. Rde3 Nd4 37. Rd2 c5 38. Nc3 Re8 39. Nd5+ Kf7 40. Rxe8 Rxe8 41. Rf2 Kg6 42. Nc7 Re1 43.
Nxa6 g4 44. hxg4 fxg4 45. Nc7 Nf3 46. Rc2 Rd1 47. Ne8 Ne1+ 48. Kf2 Nxc2 49. Ke2 Ra1 50. Kd2 Rxa2 51. Nxd6 Nb4+ 52. Kc3 Rc2# 0-1

[Event "Early-Titled-Tuesday-Blitz-January-16-2024"]
[Site "Chess.com"]
[Date "2024.01.16"]
[Round "5"]
[White "VeraVujovic"]
[Black "giomar27"]
[Result "0-1"]
[WhiteElo "2228"]
[BlackElo "2419"]
[TimeControl "180+1"]
[EndTime "8:59:25 PST"]
[Termination "giomar27 won by resignation"]

1. e4 g6 2. d4 Bg7 3. c4 d6 4. Nc3 e5 5. d5 a5 6. Nf3 Na6 7. Be3 f5 8. Bd3 f4 9. Bd2 Nh6 10. h3 O-O 11. Na4 b6 12. a3 g5 13. b4 axb4 14. axb4 Bd7 15. b5 Nc5 16. Nxc5 Rxa1 17. Qxa1 bxc5 18. Qa7 Nf7 19. Ba5 Qa8 20. Qxc7 Rc8 21. Qb6 Rb8 22. Qa6 Qxa6 23. bxa6 Ra8 24. O-O Rxa6 25. Ra1 h5 26. Bc3 Rxa1+ 27. Bxa1 g4 28.
hxg4 hxg4 29. Nd2 Kf8 30. f3 Ke7 31. Be2 Nh6 32. Nf1 Bf6 33. Nh2 g3 34. Nf1 Kf7 35. Nd2 Bd8 36. Bc3 Ba4 37. Kf1 Ke7 38. Ke1 Kd7 39.
Bd1 Bxd1 40. Kxd1 Nf7 41. Nb3 Ng5 42. Ke2 Bc7 43. Bd2 Nh7 44. Bc3 Nf6 45. Nd2 Ne8 46.
Nb3 Bd8 47. Nd2 Nc7 48. Nb3 Na8 49. Nd2 Kc8 50. Nb3 Kb7 51. Kd3 Ka6 52. Nd2 Nb6 53. Nb3 Nd7 54. Nd2 Nf6 55. Nb3 Nh7 56. Ke2 Ng5 57. Bd2 Bb6 58. Bc3 Nf7 59. Bd2 Nd8 60. Bc3 Nb7 61. Bd2 Na5 62. Nxa5 Bxa5 63. Bc1 Bb4 64. Kd3 Ka5 65. Kc2 Ka4 66. Bb2 Be1 67.
Bc1 Kb4 68. Kd3 Kb3 69. Ke2 Bb4 70. Kd3 Bc3 71. Ba3 Kxa3 72. Kxc3 Ka4 73. Kc2 Kb4 74.
Kd3 Kb3 75. Kd2 Kxc4 76. Kc2 Kd4 77. Kd2 c4 78. Kc2 Ke3 79. Kc3 Kf2 80. Kxc4 Kxg2 81. Kb5 Kxf3 82. Kc6 g2 83. Kxd6 g1=Q 84. Kxe5 Qg6 85. d6 Qxe4+ 0-1

[Event "Early-Titled-Tuesday-Blitz-January-16-2024"]
[Site "Chess.com"]
[Date "2024.01.16"]
[Round "5"]
[White "bancsoo"]
[Black "GMWSO"]
[Result "1/2-1/2"]
[WhiteElo "2935"]
[BlackElo "3088"]
[TimeControl "180+1"]
[EndTime "8:59:27 PST"]
[Termination "Game drawn by repetition"]

1. Nf3 c5 2. c4 Nf6 3. Nc3 e6 4.
g3 b6 5. Bg2 Bb7 6. O-O Be7 7. d4 cxd4 8. Qxd4 O-O 9. Rd1 Qc8 10.
Ng5 Bxg2 11. Kxg2 Nc6 12. Qf4 Na5 13. b3 d5 14. Bb2 dxc4 15. Nce4 Nxe4 16. Nxe4 f6 17.
Rac1 e5 18. Qf3 Qe6 19. Bc3 f5 20. Nd2 e4 21. Qf4 cxb3 22. Bxa5 b2 23. Rb1 bxa5 24. Rxb2 Rad8 25. Rdb1 Bf6 26. Rc2 h6 27. Qe3 Kh7 28. Qb3 Rfe8 29. Qxe6 Rxe6 30. Rb5 Re5 31. Rxe5 Bxe5 32.
Nc4 Rc8 33. f3 exf3+ 34. Kxf3 g5 35. e4 f4 36. g4 Kg7 37. Ne3 Rxc2 38. Nxc2 a4 39.
Ke2 Kf6 40. h3 Ke6 41. Ne1 Kd6 42. Kd3 Kc5 43. Nf3 Bg7 44. h4 gxh4 45. Nxh4 Kb4 46. Nf3 Ka3 47. e5 Kxa2 48. e6 Bf6 49. Kc2 a3 50.
Nd4 a6 51. Nf3 Ka1 52. Ne1 Be7 53. Nf3 Ka2 54. Nd4 a5 55. Nf3 a4 56. Ne1 Ka1 57. Nf3 Bf6 58. Nd4 Bd8 59. Nf3 Be7 60. Nd2 Bf6 61.
Nf3 Be7 62. Nd2 Bf6 63. Nf3 Be7 1/2-1/2

[Event "Early-Titled-Tuesday-Blitz-January-16-2024"]
[Site "Chess.com"]
[Date "2024.01.16"]
[Round "5"]
[White "kidagent"]
[Black "Adar_07"]
[Result "0-1"]
[WhiteElo "2275"]
[BlackElo "2674"]
[TimeControl "180+1"]
[EndTime "8:59:27 PST"]
[Termination "Adar_07 won by resignation"]

1. c4 Nf6 2. g3 e5 3. Bg2 c6 4.
d4 exd4 5. Qxd4 d5 6. Nf3 dxc4 7.
Qxd8+ Kxd8 8. O-O Nbd7 9. Rd1 Ke8 10. a4 Nc5 11. Ne5 Nb3 12. Ra2 Be6 13. Na3 Bxa3 14.
Rxa3 Rd8 15. Rxd8+ Kxd8 16. Bg5 Kc8 17. Bf1 Rd8 18. Kg2 Rd1 19. Nf3 Ne4 20. Be3 b6 21.
a5 b5 22. h3 a6 23. g4 c3 24. bxc3 Nxc3 25. Nd4 Bd5+ 26. f3 Nxd4 27. Rxc3 b4 28. Bxd4 bxc3 29. Bxc3 Bc4 30. Kf2 f6 31. f4 c5 32. Bg2 Rc1 33. Bd2 Ra1 34. Bf3 Ra2 35. Be3 Rxa5 36. Bd2 Rb5 37. Ke3 Bf7 38. Bc3 a5 39.
Kd2 a4 40. Bc6 Rb6 41. Bxa4 Ra6 42. Bc2 Ra2 43. Kc1 h6 44. h4 Kd8 45. g5 hxg5 46. hxg5 fxg5 47. fxg5 g6 48. Bf6+ Ke8 49. Bd3 c4 50. Bc2 Ra5 51. Kd2 Ra3 52. Bb2 Rh3 53. Bf6 Kd7 54. Ba4+ Kd6 55. Bc2 Kc5 56. Bc3 Rg3 57.
Bf6 Kb5 58. Be7 c3+ 59. Ke1 Rg1+ 60. Kf2 Rc1 61. Bd3+ Ka4 62. Ke3 Kb3 63. Bf6 c2 64. Kd2 Rd1+ 65. Ke3 c1=Q+ 66. Kf2 Qf4+ 0-1

[Event "Early-Titled-Tuesday-Blitz-January-16-2024"]
[Site "Chess.com"]
[Date "2024.01.16"]
[Round "5"]
[White "Franmu14"]
[Black "frederiksvane"]
[Result "1-0"]
[WhiteElo "2701"]
[BlackElo "2898"]
[TimeControl "180+1"]
[EndTime "8:59:28 PST"]
[Termination "Franmu14 won on time"]

1. e4 e5 2. Nc3 Nf6 3. Nf3 Nc6 4. Bb5 Bd6 5. Bxc6 dxc6 6. d3 O-O 7. h3 Re8 8. Be3 Nd7 9. g4 Nf8 10. Ne2 Ne6 11. Ng3 c5 12. c3 b6 13. Qd2 a5 14.
O-O-O a4 15. Kb1 a3 16. b3 Bb7 17. h4 b5 18. Ng5 c4 19. dxc4 bxc4 20. b4 Qc8 21. f3 Nf4 22. Bxf4 exf4 23. Nf5 h6 24. Nh3 Be5 25. g5 h5 26. Nxf4 c5 27. g6 fxg6 28. Nxg6 cxb4 29. Nge7+ Kh8 30. Nxc8 Raxc8 31. Nd6 bxc3 32. Qg5 Rb8 33. Kc2 Bc6 34. Qxh5+ Kg8 35. Qf7+ Kh8 36. Nxc4 Ba4+ 37. Kd3 c2 38. Rc1 Bb2 39.
Qh5+ Kg8 40. Ne3 Bb5+ 41. Nc4 Red8+ 42. Ke3 Bxc4 43. Rxc2 Bd4+ 44. Kf4 Rf8+ 45. Kg3 Bf7 46. Qg4 Bb2 47. Rd1 Bxa2 48. Rd7 Rf7 49. Rcc7 Rbf8 50. Rxf7 Bxf7 51. Ra7 a2 52. h5 a1=Q 53. Rxa1 Bxa1 54. f4 Kh7 55. e5 Bd4 56. Qf5+ Kg8 57. Qg5 Re8 58. h6 g6 59. Qf6 Kf8 60. h7 1-0

[Event "Early-Titled-Tuesday-Blitz-January-16-2024"]
[Site "Chess.com"]
[Date "2024.01.16"]
[Round "5"]
[White "LangesNasenhaar"]
[Black "MokshAD1603"]
[Result "0-1"]
[WhiteElo "2427"]
[BlackElo "2609"]
[TimeControl "180+1"]
[EndTime "8:59:28 PST"]
[Termination "MokshAD1603 won by checkmate"]

1. d4 d5 2. Nc3 c6 3. Bf4 Bf5 4. e3 Nd7 5. Nf3 e6 6. Ne5 Ngf6 7. g4 Nxe5 8. gxf5 Ned7 9. fxe6 fxe6 10. Bh3 Bb4 11.
Qd3 Qe7 12. O-O-O O-O-O 13. f3 Bd6 14. Bg5 h6 15. Bh4 g5 16. Bf2 Kb8 17. e4 dxe4 18. fxe4 Bf4+ 19. Kb1 Ne5 20. Qe2 Ng6 21. Qc4 Rhe8 22.
Qa4 a6 23. Qb3 Bc7 24. Be3 Nf4 25. Bf1 Ka8 26. a4 Ba5 27. e5 Ng4 28. Bg1 Qb4 29.
Qxb4 Bxb4 30. Ne4 Rf8 31. h3 Nxe5 32. c3 Be7 33. Be3 Nd5 34. Bc1 Ng6 35. Bc4 Nh4 36. Ng3 Bd6 37. Ne4 Bf4 38. Rhe1 Bxc1 39. Kxc1 Nf4 40.
Nc5 Rde8 41. Nxe6 Nxe6 42. Bxe6 Kb8 43. Bg4 Kc7 44. Rxe8 Rxe8 45. Rf1 Ng2 46. Rf7+ Kb6 47. Rh7 Re1+ 48. Kc2 Rg1 49. Kb3 Ne3 50. Be6 Rg2 51. Rxh6 Nd1 52. Rh7 Rxb2+ 53. Ka3 Rb1 54. Bc8 Ka7 55.
Ka2 Nxc3+ 56. Ka3 a5 57. Be6 Kb8 58. Rg7 b5 59. axb5 cxb5 60. Rg8+ Kc7 61. Rg7+ Kd6 62. Ba2 b4# 0-1

[Event "Early-Titled-Tuesday-Blitz-January-16-2024"]
[Site "Chess.com"]
[Date "2024.01.16"]
[Round "5"]
[White "Zurability"]
[Black "NikaVolkov"]
[Result "1/2-1/2"]
[WhiteElo "2720"]
[BlackElo "2588"]
[TimeControl "180+1"]
[EndTime "8:59:29 PST"]
[Termination "Game drawn by repetition"]

1. d4 Nf6 2. c4 e6 3. Nf3 b6 4. a3 Bb7 5. Nc3 d5 6. cxd5 exd5 7. Bg5 Be7 8. e3 O-O 9. Bd3 Nbd7 10. O-O c5 11. Rc1 h6 12. Bh4 Re8 13. Bb1 Ne4 14.
Bxe7 Qxe7 15. dxc5 Nxc3 16. Rxc3 bxc5 17. Qd3 g6 18. h3 Qf6 19. Rd1 Rad8 20. Ba2 Kg7 21.
Qc2 d4 22. exd4 cxd4 23. Nxd4 Ne5 24. Rc7 Bd5 25. Nf5+ gxf5 26. Bxd5 f4 27. Be4 f3 28. g3 Qb6 29. Rc3 Rxd1+ 30. Qxd1 Qxb2 31. Rc2 Qxa3 32. Bd5 Qd6 33. Rd2 Qg6 34. Bb3 Kf8 35.
h4 Qf5 36. Bc4 Qh3 37. Bf1 Qe6 38. Rd6 Qf5 39. Rxh6 a5 40. Qd6+ Kg7 41. Qb6 Ng6 42. Rxg6+ fxg6 43. Qa7+ Kh6 44. Qc7 Re1 45. Qc3 Qb1 46.
Qd2+ Kh7 47. Qd7+ Kh6 48. Qd2+ Kg7 49. Qd7+ Kf6 50. Qd4+ Ke6 51. Qc4+ Kd6 52. Qd4+ Kc6 53. Qc4+ Kb6 54. Qa6+ Kc5 55. Qc4+ Kd6 56. Qd4+ Ke7 57. Qc5+ Kf6 58. Qd4+ Ke7 59. Qc5+ Ke6 60. Qc4+ Ke5 61. Qc5+ Kf6 62. Qd4+ 1/2-1/2

[Event "Early-Titled-Tuesday-Blitz-January-16-2024"]
[Site "Chess.com"]
[Date "2024.01.16"]
[Round "5"]
[White "YurasovMat-2012"]
[Black "kaanadayhamle"]
[Result "1-0"]
[WhiteElo "2591"]
[BlackElo "2397"]
[TimeControl "180+1"]
[EndTime "8:59:30 PST"]
[Termination "YurasovMat-2012 won by checkmate"]

1. e4 c6 2. Nf3 d5 3. d3 dxe4 4. dxe4 Qxd1+ 5. Kxd1 Nf6 6. Nbd2 Bg4 7. Bd3 Nbd7 8. h3 Bxf3+ 9. Nxf3 e5 10. Ke2 Bc5 11. c3 h6 12. Bc2 O-O-O 13. Rd1 Rhe8 14. a4 a5 15. Nd2 g5 16. Nc4 b6 17. Be3 Bxe3 18. Nd6+ Kc7 19. Nxe8+ Rxe8 20. Kxe3 Nc5 21. Rd2 Ne6 22. g3 Re7 23. Rad1 Nd7 24. Bb3 Nec5 25. Bc2 Ne6 26. b3 Ndc5 27. Kf3 h5 28. Rd6 Nb7 29. R6d2 Nbc5 30. Ke3 Kc8 31. h4 gxh4 32. gxh4 Nf4 33. Rg1 Nce6 34. b4 Kc7 35. Bb3 Ng6 36. Bxe6 Rxe6 37.
bxa5 bxa5 38. Rg5 Nxh4 39. Rxh5 Ng2+ 40. Kf3 Nf4 41. Rf5 f6 42. Rd1 Kb6 43. Rd8 Kc5 44.
Ra8 Kb6 45. Rf8 Rd6 46. R5xf6 Rd3+ 47. Kg4 Rxc3 48. Kf5 Nd3 49. f3 Nb4 50. Kxe5 Nd3+ 51. Kd4 Ra3 52. Rc8 Nb4 53. Ke5 Rxa4 54. Ke6 Ra3 55. e5 Re3 56. f4 a4 57. Ra8 Kc5 58.
Rxa4 Kb5 59. Ra8 c5 60. Rb8+ Ka4 61. Kf7 c4 62. Rfb6 Nd5 63. Ra6# 1-0

[Event "Early-Titled-Tuesday-Blitz-January-16-2024"]
[Site "Chess.com"]
[Date "2024.01.16"]
[Round "5"]
[White "AlexPapasimakopoulos"]
[Black "jcibarra"]
[Result "0-1"]
[WhiteElo "2642"]
[BlackElo "2868"]
[TimeControl "180+1"]
[EndTime "8:59:31 PST"]
[Termination "jcibarra won by checkmate"]

1. d4 Nf6 2. c4 e6 3. Nc3 Bb4 4.
Qc2 d5 5. cxd5 Qxd5 6. Nf3 Qf5 7. Qxf5 exf5 8. a3 Bd6 9. Nb5 Be6 10. Nxd6+ cxd6 11. Bf4 Ke7 12. e3 Nbd7 13. Bd3 Rhc8 14. Ke2 h6 15. h4 Nb6 16. Nd2 Na4 17. Rab1 Nd5 18. Bg3 g6 19. Bh2 a6 20. Nc4 Rc6 21.
Kd2 Rac8 22. Rhc1 b5 23. Na5 Rxc1 24. Rxc1 Nxb2 25. Rxc8 Bxc8 26. Be2 Nb6 27. Kc3 N2a4+ 28. Kd2 Be6 29. Nc6+ Ke8 30. Nb8 Nc4+ 31. Bxc4 bxc4 32. Nxa6 c3+ 33. Kc2 Bc4 34. Nb4 Bf1 35. Bxd6 Bxg2 36.
Bf4 Be4+ 37. Kc1 Kd7 38. Bxh6 Nb2 39. f3 Bxf3 40. Kc2 Na4 41. Kb3 Bd1+ 42. Ka2 c2 43.
Nd3 Be2 44. Nc1 Bc4+ 45. Ka1 Kc6 46. Bf8 Kd5 47. Bh6 Ke4 48. Bg5 Kf3 49. d5 Bxd5 50. Nd3 Ke2 51. Nc1+ Kd1 52. e4 fxe4 53. Bf4 Bc4 54.
Bg5 f5 55. Bf4 Ke1 56. Bg5 Kf2 57. Bh6 e3 58. Bg5 e2 59. Bd2 e1=Q 60. Bxe1+ Kxe1 61. h5 gxh5 62. Nb3 h4 63. Nd4 c1=Q# 0-1

[Event "Early-Titled-Tuesday-Blitz-January-16-2024"]
[Site "Chess.com"]
[Date "2024.01.16"]
[Round "5"]
[White "Leebit02"]
[Black "vanyakuba"]
[Result "1/2-1/2"]
[WhiteElo "2551"]
[BlackElo "2320"]
[TimeControl "180+1"]
[EndTime "8:59:32 PST"]
[Termination "Game drawn - insufficient material"]

1. d4 Nf6 2. c4 Nc6 3. Nc3 e5 4. d5 Ne7 5. g3 Ng6 6. Bg2 Bc5 7. e3 a6 8. Nge2 d6 9. a3 O-O 10. O-O Bd7 11. h3 h5 12. Kh2 h4 13. g4 Nh7 14.
f4 exf4 15. exf4 Nf6 16. Nd4 Re8 17. Qd3 Bxg4 18. hxg4 Nxg4+ 19. Kh1 Qf6 20. Nce2 Rxe2 21.
Qxe2 Nh6 22. Nb3 Nf5 23. Kh2 Ng3 24. Qf3 Nxf1+ 25. Qxf1 Bd4 26. Nxd4 Qxd4 27. Qg1 Qd3 28. Be3 Re8 29. Re1 Kh8 30. Qf2 Qxc4 31. f5 Ne5 32.
Qf4 Ng4+ 33. Kh3 Qxf4 34. Bxf4 Nf2+ 35. Kxh4 Rxe1 36. Bg5 Re2 37. Bf3 Rxb2 38. f6 gxf6 39. Bxf6+ Kg8 40. Bxb2 Nd3 41. Bd4 Nc5 42. Bxc5 dxc5 43.
Kg5 Kf8 44. Kf5 Ke7 45. Ke5 f6+ 46. Kf5 Kd6 47. Kxf6 b5 48. Kf5 b4 49. axb4 cxb4 50. Ke4 Kc5 51. Kd3 a5 52. Be4 a4 53. Bf3 Kb5 54. Kd4 a3 55. d6 cxd6 56. Bd5 Ka4 57.
Bc6+ Ka5 58. Bd5 Kb5 59. Bb3 Ka5 60. Kd5 Kb5 61. Kxd6 Ka5 62. Kc5 a2 63. Bxa2 b3 64. Bxb3 1/2-1/2

[Event "Early-Titled-Tuesday-Blitz-January-16-2024"]
[Site "Chess.com"]
[Date "2024.01.16"]
[Round "5"]
[White "RamonManon0g"]
[Black "PolandHussars"]
[Result "0-1"]
[WhiteElo "2395"]
[BlackElo "2586"]
[TimeControl "180+1"]
[EndTime "8:59:33 PST"]
[Termination "PolandHussars won on time"]

1. e4 e5 2. Nf3 Nc6 3. Bc4 g6 4. O-O Bg7 5. c3 Nge7 6. d4 d6 7. Bg5 h6 8. Bh4 g5 9. Bg3 g4 10. Nh4 exd4 11. Nf5 Nxf5 12. exf5 Bxf5 13. Re1+ Kf8 14.
cxd4 Nxd4 15. Nc3 c6 16. Ne2 Nc2 17. Bxd6+ Kg8 18. Ng3 Bg6 19. Re7 Nxa1 20. Nf5 Bxf5 21. Rxf7 Kh7 22. Rxf5 Re8 23. Rf7 Kh8 24. Qxg4 Re1+ 25. Bf1 Qg5 26. Qc4 Rae8 27. h4 Qg6 28. Rf3 Qxd6 29. Rg3 Qe7 30. Kh2 Rxf1 31. Qxf1 Nc2 32.
Qc4 Nd4 33. Kh3 Qe6+ 34. Qxe6 Nxe6 35. Rb3 b6 36. g3 Rf8 37. f4 Nd4 38. Ra3 Rf7 39.
Rc3 c5 40. b4 Nf5 41. Rc4 cxb4 42. Rxb4 Rd7 43. Kg4 Ne3+ 44. Kf3 Nd5 45. Rc4 Rc7 46. Re4 Rc2 47. Re8+ Kh7 48. Rd8 Rxa2 49. Rxd5 Ra3+ 50. Kg4 a5 51. Rd7 Ra1 52. f5 Rf1 53. Rd6 b5 54.
Ra6 a4 55. Rb6 Rb1 56. f6 Bf8 57. h5 a3 58. Rb7+ Kg8 59. Kf5 a2 60. Kg6 a1=Q 61. Rh7 Qxf6+ 62. Kxf6 Kxh7 0-1

[Event "Early-Titled-Tuesday-Blitz-January-16-2024"]
[Site "Chess.com"]
[Date "2024.01.16"]
[Round "5"]
[White "Onischuk_V"]
[Black "Road2GM3000"]
[Result "1/2-1/2"]
[WhiteElo "2793"]
[BlackElo "2493"]
[TimeControl "180+1"]
[EndTime "8:59:34 PST"]
[Termination "Game drawn by repetition"]

1. e4 c5 2. Nf3 d6 3. d4 cxd4 4.
Nxd4 Nf6 5. Nc3 a6 6. a4 e5 7. Nf3 Be7 8. Bc4 Be6 9. Qe2 Nc6 10.
O-O O-O 11. Rd1 Bxc4 12. Qxc4 h6 13. Be3 Rc8 14. Qe2 Qc7 15. Nd2 Nd8 16. a5 Ne6 17.
Ra4 Qb8 18. Nc4 Nc5 19. Bxc5 Rxc5 20. Nb6 Bd8 21. Nbd5 Nxd5 22. Nxd5 Rxa5 23. Rxa5 Bxa5 24. Qg4 Bd8 25. h4 Kh8 26. Rd3 b5 27. Rg3 Rg8 28. Qd7 Bxh4 29. Rh3 Qd8 30. Qb7 Rf8 31. g3 Bg5 32.
Qxa6 Qb8 33. Kg2 f5 34. Qc6 fxe4 35. Qd7 Qc8 36. Qxc8 Rxc8 37. Nc3 b4 38. Nxe4 Be7 39. c3 d5 40. Nd2 bxc3 41. bxc3 Rxc3 42. Nf3 Bf6 43. Rh1 e4 44. Nh2 Rc2 45. Ng4 Bd4 46. Rd1 Bb6 47. Rxd5 Kg8 48. Re5 e3 49. Nxe3 Bxe3 50.
Rxe3 Rc7 51. f4 Ra7 52. g4 Kf7 53. Kg3 Ra6 54. Rb3 Kf6 55. Kh4 Kg6 56. Rb4 Ra1 57.
Rb6+ Kh7 58. f5 Rh1+ 59. Kg3 Rg1+ 60. Kf4 Rf1+ 61. Ke5 Re1+ 62. Kd5 Rd1+ 63. Ke6 Rd4 64. f6 gxf6 65. Kxf6 Rxg4 66. Rb7+ Kh8 67. Rb8+ Kh7 68. Rb7+ Kh8 69. Rb8+ Kh7 70. Rb7+ 1/2-1/2

[Event "Early-Titled-Tuesday-Blitz-January-16-2024"]
[Site "Chess.com"]
[Date "2024.01.16"]
[Round "5"]
[White "sucof4reve"]
[Black "SanchezKelvin"]
[Result "0-1"]
[WhiteElo "1999"]
[BlackElo "2557"]
[TimeControl "180+1"]
[EndTime "8:59:34 PST"]
[Termination "SanchezKelvin won on time"]

1. e4 e5 2. Nf3 Nc6 3. d4 exd4 4.
Nxd4 Qh4 5. Nc3 Bb4 6. Be2 Qxe4 7. Nb5 Bxc3+ 8. Nxc3 Qxg2 9. Bf3 Qg6 10. Bf4 d6 11. Qd2 Be6 12. O-O-O h6 13. a3 Nge7 14. Be4 f5 15. Bf3 O-O-O 16. Nb5 a6 17. Nd4 Bd7 18. Rde1 Qf7 19. Kb1 g5 20. Nxc6 Bxc6 21. Bxc6 Nxc6 22. Be3 f4 23. Bd4 Qd5 24. c3 Nxd4 25. cxd4 Rhe8 26.
Rc1 Re4 27. Rhd1 Rde8 28. Qc3 c6 29. Qh3+ Qe6 30. Qc3 d5 31. Ka2 Re2 32. Qc5 Qe7 33.
Qa7 Qc7 34. Rc3 Rxf2 35. Rh3 Ree2 36. Rb1 Rxh2 37. Rb3 g4 38. Qc5 Kb8 39. Qf8+ Ka7 40. Rc1 Qe7 41. Qc8 Re6 42. Rc5 Rd6 43. Ra5 Rd8 44. Qxg4 Qc7 45. Ra4 Rb8 46. Rab4 h5 47.
Qf3 a5 48. Ra4 b5 49. Qc3 bxa4 50. Rxb8 Kxb8 51. Qc5 Kb7 0-1

[Event "Early-Titled-Tuesday-Blitz-January-16-2024"]
[Site "Chess.com"]
[Date "2024.01.16"]
[Round "5"]
[White "Anton_Demchenko"]
[Black "francyIM"]
[Result "0-1"]
[WhiteElo "2977"]
[BlackElo "2843"]
[TimeControl "180+1"]
[EndTime "8:59:36 PST"]
[Termination "francyIM won on time"]

1. e4 e5 2. Nf3 Nc6 3. Bc4 Bc5 4. d3 Nf6 5. Bg5 h6 6. Bh4 d6 7. c3 Bb6 8. Nbd2 Qe7 9. a4 a5 10. O-O Be6 11. Bb5 g5 12. Bg3 Nd7 13. Nc4 f5 14. exf5 Bxf5 15. d4 e4 16. Nfd2 d5 17. Ne3 Be6 18. Nxe4 dxe4 19. d5 Bxe3 20. fxe3 O-O-O 21. dxe6 Qxe6 22. Qh5 Nce5 23. b4 Nf6 24. Qe2 c6 25.
bxa5 cxb5 26. Qxb5 Rd5 27. Qb3 Nfd7 28. a6 bxa6 29.
Rab1 Qc6 30. c4 Rc5 31. Rf5 Re8 32. h3 Nd3 33. Rf7 N3e5 34. Rh7 Rxc4 35. Bxe5 Rxe5 36. Rh8+ Kc7 37. Rh7 Rec5 38. Kh2 Rc1 39. Rxc1 Qd6+ 40. Kg1 Rxc1+ 41. Kf2 Rc6 42. Rf7 Qd2+ 43. Kg3 Rc3 44. Qe6 Qd6+ 45. Qxd6+ Kxd6 46. Rh7 Nf6 47. Rxh6 Ke5 48.
Rg6 Kf5 49. Rg7 Rxe3+ 50. Kf2 Ra3 51. g4+ Kf4 52. Rf7 Ra2+ 53. Ke1 Ke5 54. Rg7 Nd5 55. Rxg5+ Kd4 56. h4 Nf4 57. h5 Ke3 58. Kd1 Nd3 0-1

[Event "Early-Titled-Tuesday-Blitz-January-16-2024"]
[Site "Chess.com"]
[Date "2024.01.16"]
[Round "5"]
[White "Predator0608"]
[Black "Thursday_the_14_th"]
[Result "1-0"]
[WhiteElo "2482"]
[BlackElo "2624"]
[TimeControl "180+1"]
[EndTime "8:59:37 PST"]
[Termination "Predator0608 won by checkmate"]

1. f4 d5 2. Nf3 Nf6 3. g3 e6 4. Bg2 Bd6 5. O-O O-O 6. d3 c5 7.
Qe1 d4 8. e4 dxe3 9. Bxe3 Nc6 10. Nc3 Nd5 11. Ne4 Nxe3 12. Qxe3 Be7 13. g4 Nd4 14. Qf2 f5 15. gxf5 exf5 16. Nc3 Nxf3+ 17. Bxf3 Bf6 18. Kh1 Be6 19. Rae1 Bf7 20. Qxc5 Rc8 21. Qxa7 Bxc3 22. bxc3 Rxc3 23. Re2 Bd5 24. Qe3 Bxf3+ 25.
Qxf3 Qc8 26. Rg1 Rxc2 27. Rxg7+ Kxg7 28. Qg2+ Kh8 29. Rxc2 Qd7 30. Rc1 Qd4 31. Rg1 b5 32. Qb7 b4 33. Rg2 Re8 34. Rg1 Qf6 35. Qxb4 Qc6+ 36.
Rg2 Qc1+ 37. Rg1 Qc6+ 38. Rg2 Qf6 39. h3 Rc8 40. Qb7 Rd8 41. a4 Rxd3 42. Qb8+ Rd8 43. Qb7 Qa1+ 44. Kh2 Qd4 45. Qc7 Rd7 46. Qc8+ Rd8 47.
Qxf5 Qd6 48. Qg5 Qd4 49. h4 Rf8 50. Rg4 Qb2+ 51. Kh3 Qc3+ 52. Rg3 Qc8+ 53. Qg4 Qc7 54. h5 Qf7 55. h6 Re8 56. Qg7+ Qxg7 57. Rxg7 Re4 58.
Ra7 Rxf4 59. Ra8+ Rf8 60. Rxf8# 1-0

[Event "Early-Titled-Tuesday-Blitz-January-16-2024"]
[Site "Chess.com"]
[Date "2024.01.16"]
[Round "5"]
[White "NinoMaisuradze"]
[Black "jk13"]
[Result "0-1"]
[WhiteElo "2312"]
[BlackElo "2675"]
[TimeControl "180+1"]
[EndTime "8:59:39 PST"]
[Termination "jk13 won on time"]

1. d4 Nf6 2. c4 e6 3. Nf3 Bb4+ 4. Bd2 Bxd2+ 5. Nbxd2 O-O 6. e3 d6 7. Bd3 Qe7 8. O-O e5 9. Bc2 c5 10. dxe5 dxe5 11.
Ne4 Rd8 12. Nxf6+ Qxf6 13. Qe2 Bf5 14. Bxf5 Qxf5 15. Rfd1 Nc6 16. Rd5 Rxd5 17. cxd5 Ne7 18. e4 Qf6 19. Qb5 b6 20. Rd1 Rd8 21. a4 Nc8 22.
Nd2 Nd6 23. Qe2 Qg6 24. f3 Qg5 25. Nc4 g6 26. Nxd6 Rxd6 27. g3 h5 28. Kf2 h4 29.
Qe3 Qe7 30. g4 Kg7 31. h3 Qd8 32. Rg1 g5 33. Rc1 Kg6 34. Qd2 Qd7 35. b3 Qb7 36. b4 Qa6 37. bxc5 bxc5 38. a5 Qb5 39. Qc3 Rf6 40. Qxc5 Qd3 41. Qe3 Qb5 42. Qc3 Qa4 43.
Rc2 Qxe4 44. Rd2 Qf4 45. d6 Qg3+ 46. Ke2 Qg2+ 47. Kd1 Qf1+ 48. Kc2 Rxf3 49. Rd3 Rf2+ 50. Kb3 Qb1+ 51. Kc4 Rf4+ 52. Kc5 a6 53. Kc6 Qb5+ 54.
Kc7 Rc4+ 55. Qxc4 Qxc4+ 56. Kd8 Qxd3 57. d7 Kf6 58. Ke8 Qxd7+ 59. Kxd7 e4 0-1